 Dungeon Crawl Stone Soup version 0.15-a0-1269-g8ca96ae (webtiles) character file.

448 Quh the Shooter (level 6, -2/43 HPs)
             Began as a Demonspawn Hunter on June 5, 2014.
             Was an Initiate of Okawaru.
             Slain by an iguana (13 damage)
             ... on Level 5 of the Dungeon.
             The game lasted 00:22:04 (5130 turns).

Quh the Shooter (Demonspawn Hunter)                 Turns: 5130, Time: 00:22:04

HP  -2/43        AC  4     Str 12      XL: 6   Next: 73%
MP   6/6         EV 11     Int 15      God: Okawaru [......]
Gold 124         SH  0     Dex 13      Spells:  0 memorised,  5 levels left

rFire  . . .     SeeInvis .     b - +1 shortbow
rCold  . . .     Clarity  .     d - +0 leather armour
rNeg   . . .     rCorr    .     (no shield)
rPois  .         rRot     .     (no helmet)
rElec  .         Spirit   .     (no cloak)
SustAb .         Warding  .     (no gloves)
rMut   .         Stasis   .     r - +0 pair of boots
Gourm  .                        (no amulet)
MR     .....                    (no ring)
                                (no ring)

@: not resistant to hostile enchantments, unstealthy
A: demonic guardian 2, nightstalker 1
a: Renounce Religion


You were on level 5 of the Dungeon.
You worshipped Okawaru.
Okawaru was noncommittal.
You were not hungry.

You visited 2 branches of the dungeon, and saw 6 of its levels.

You collected 124 gold pieces.

Inventory:

Hand weapons
 a - a +0,+0 short sword
 b - a +1,+1 shortbow (weapon)
 h - a +0,+0 spear
 z - a +0,+2 falchion
 B - a +0,+0 dire flail
Missiles
 c - 28 arrows (quivered)
 m - 6 tomahawks
 q - 8 poisoned tomahawks
 v - 14 arrows of frost
 w - 5 stones
Armour
 d - a +0 leather armour (worn)
 o - a +0 scale mail
 r - a +0 pair of boots (worn)
 y - a +0 scale mail
 G - a +0 pair of gloves
Magical devices
 A - a wand of confusion (5)
Comestibles
 f - 2 bread rations
 s - 2 meat rations
 C - 2 fruits
 F - a chunk of adder flesh
Scrolls
 e - a scroll of magic mapping {unknown}
 j - a scroll of identify
 k - a scroll of remove curse {unknown}
 p - a scroll of blinking {unknown}
 t - 2 scrolls of random uselessness {unknown}
 x - a scroll of enchant armour {unknown}
Potions
 g - a potion of lignification {unknown}
 i - a potion of magic {unknown}
 l - 3 potions of brilliance
 n - a potion of restore abilities {unknown}
 u - a potion of curing {unknown}
 D - a potion of degeneration {unknown}
 E - a potion of invisibility {unknown}


   Skills:
 - Level 1.0 Fighting
 * Level 7.4 Bows
 - Level 1.7 Dodging
 - Level 0.8 Stealth


You had 5 spell levels left.
You didn't know any spells.

Dungeon Overview and Level Annotations

Branches:
Dungeon (5/15)             Temple (1/1) D:4

Altars:
Ashenzari
Elyvilon
Fedhas
Gozag
Makhleb
Nemelex Xobeh
Okawaru
Qazlal
Sif Muna
Trog
Vehumet
Yredelemnul
Zin
The Shining One

Shops:
D:3 *


Innate Abilities, Weirdness & Mutations

A demonic guardian rushes to your aid.
You are slightly more attuned to the shadows.


Message History

You hit the iguana but do no damage. The iguana bites you.
The iguana bites you!
You hit the iguana but do no damage. The iguana bites you!
b - a +1,+1 shortbow (weapon)
Firing (i - inventory. (,) - cycle):
c - 30 arrows (quivered)
Press: ? - help, Shift-Dir - straight line, f - iguana
Aim: an iguana You shoot an arrow.
The arrow closely misses the iguana.
The arrow hits the ooze.
The ooze is moderately wounded.
The iguana bites you.
* * * LOW HITPOINT WARNING * * *
Firing (i - inventory. (,) - cycle):
c - 29 arrows (quivered)
Press: ? - help, Shift-Dir - straight line, f/p - iguana
Aim: an iguana You shoot an arrow.
The arrow completely misses the iguana.
The arrow hits the ooze!
The ooze is almost dead.
The iguana bites you!
You die...

............
.....<..K
.##.....####
.........
........#
#.........
##......#
.........
.....####
#.........
)...#....
##........(
.......#.
#J.........#
.<.....#
#l#........#
.........
#####@#..#+#####
#..##..#
#.....#....#
##.....#
#.#####...##
.... #.# ...#.#
######### #.#
#####.#
........# #.# ..
........# #.#
#.#
........####.#
..
.............#


You could see an iguana and an ooze.

Vanquished Creatures
  An ogre (D:4)
  2 orc priests (D:3)
  A hound (D:4)
  An iguana (D:4)
  2 orc wizards (D:4)
  4 adders
  3 giant geckos
  10 orcs
  10 bats
  5 giant cockroaches
  18 hobgoblins
  A quokka (D:2)
  3 ball pythons
  2 giant newts
  4 goblins
  A goblin skeleton (D:4)
  7 kobolds
  A quokka skeleton (D:4)
  7 rats
83 creatures vanquished.

Vanquished Creatures (collateral kills)
  Edmund (D:4)
  A hound (D:3)
  An orc (D:4)
  A goblin (D:4)
4 creatures vanquished.

Vanquished Creatures (others)
  A quasit (D:3)
  An iron imp (D:3)
2 creatures vanquished.

Grand Total: 89 creatures vanquished

Notes
Turn   | Place    | Note
--------------------------------------------------------------
     0 | D:1      | Quh, the Demonspawn Hunter, began the quest for the Orb.
     0 | D:1      | Reached XP level 1. HP: 15/15 MP: 1/1
   434 | D:1      | Reached skill level 4 in Bows
   594 | D:1      | Gained mutation: You are slightly more attuned to the shadows. [demonic ancestry]
   594 | D:1      | Reached XP level 2. HP: 21/21 MP: 2/2
  1319 | D:2      | Gained mutation: A weak demonic guardian rushes to your aid. [demonic ancestry]
  1319 | D:2      | Reached XP level 3. HP: 23/26 MP: 3/3
  1668 | D:3      | Found a deep blue altar of Sif Muna.
  2092 | D:3      | Found Gozag's Platinum Reserve.
  2171 | D:3      | Reached skill level 5 in Bows
  2171 | D:3      | Gained mutation: A demonic guardian rushes to your aid. [demonic ancestry]
  2171 | D:3      | Reached XP level 4. HP: 17/32 MP: 4/4
  2393 | D:3      | Found an opulent altar of Gozag.
  2847 | D:3      | Reached XP level 5. HP: 37/37 MP: 5/5
  2874 | D:3      | HP: 1/37 [orc/mace of holy wrath (11)]
  3292 | D:4      | Noticed Edmund
  3603 | D:4      | Reached skill level 6 in Bows
  4143 | D:4      | Killed Edmund
  4143 | D:4      | Reached XP level 6. HP: 41/43 MP: 6/6
  4184 | D:4      | Reached skill level 7 in Bows
  4334 | D:4      | Noticed an ogre
  4337 | D:4      | Killed an ogre
  4441 | D:4      | Found a staircase to the Ecumenical Temple.
  4450 | Temple   | Entered the Ecumenical Temple
  4634 | Temple   | Became a worshipper of Warmaster Okawaru
  4966 | D:5      | Entered Level 5 of the Dungeon
  5130 | D:5      | Slain by an iguana

Action                   |  1- 3 |  4- 6 || total
-------------------------+-------+-------++-------
Melee: Spear             |   140 |       ||   140
       Short sword       |     9 |   127 ||   136
 Fire: Shortbow          |     8 |   104 ||   112
  Use: Scroll            |     2 |     1 ||     3
 Stab: Sleeping          |     4 |       ||     4
